 Dungeon Crawl Stone Soup version 0.31-a0-354-g827e0957a7 (webtiles) character file.

Game seed: 4708022453885927941

248860 nordom the Shatterer (level 19, -6/144 HPs)
             Began as a Minotaur Fighter on July 18, 2023.
             Was the Champion of Okawaru.
             Mangled by a large slime creature (29 damage)
             ... on level 2 of the Pits of Slime on July 24, 2023.
             The game lasted 04:56:35 (34175 turns).

nordom the Shatterer (Minotaur Fighter)            Turns: 34175, Time: 04:56:36

Health: -6/144     AC: 28    Str: 31    XL:     19   Next: 26%
Magic:  28/28      EV: 14    Int:  7    God:    Okawaru [******]
Gold:   3157       SH:  0    Dex: 26    Spells: 18/18 levels left

rFire   + . .        N - +8 morningstar (vamp)
rCold   + . .        p - +3 tower shield "Sazasior" {Dex+7}
rNeg    + . .        Q - +1 plate armour of Loafunas {Rampage rF- Str+7 Dex+3}
rPois   .            E - +0 hat of Least Resistance {rF+ SInv}
rElec   +            n - +2 cloak {rCorr}
rCorr   +            v - +2 pair of gloves
SInv    +            I - +0 pair of boots
Will    +....        b - amulet of faith Stlth
                     W - ring "Isexauf" {rF+ rC+ rN+}
HPRegen 0.44/turn    l - ring "Hyshroo" {rElec Int+2 Dex+3 Slay+4 Stlth+}
MPRegen 0.21/turn

%: rampage, faith
@: confused, unable to drink
A: horns 2, retaliatory headbutt, clumsy 1, deterioration 1, frail 2,
teleportitis 2, inability to drink after injury 1, devolution 1
}: 1/15 runes: serpentine
a: Renounce Religion, Heroism, Finesse, Duel


You were on level 2 of the Pits of Slime.
You worshipped Okawaru.
Okawaru was exalted by your worship.
You visited 8 branches of the dungeon, and saw 33 of its levels.
You also visited: Sewer.

You collected 4270 gold pieces.
You spent 1113 gold pieces at shops.

Inventory:

Hand Weapons
 k - a +1 eveningstar of draining
 D - the +2 flail "Duschuto" {antimagic, rN++ Str-2}
   (Okawaru gifted it to you on level 2 of the Snake Pit)

   Str:       It affects your strength (-2).
   rN:        It greatly protects you from negative energy.
 N - a +8 vampiric morningstar (weapon)
 U - the +3 rapier "Niokhin" {freeze, +Blink Int+6}
   (You took it off a deep elf archer on level 3 of the Elven Halls)

   Int:       It affects your intelligence (+6).
   +Blink:    It lets you blink.
Missiles
 t - 9 silver javelins
 y - a throwing net
 F - 17 boomerangs (quivered)
Armour
 n - a +2 cloak of preservation (worn)
 p - the +3 tower shield "Sazasior" (worn) {Dex+7}
   (Okawaru gifted it to you on level 4 of the Snake Pit)

   Dex:       It affects your dexterity (+7).
 u - the +3 kite shield of Mysticism {rPois Will+ Dex+2}
   (Okawaru gifted it to you on level 3 of the Lair of Beasts)

   Dex:       It affects your dexterity (+2).
   rPois:     It protects you from poison.
   Will:      It increases your willpower.
 v - a +2 pair of gloves (worn)
 A - the +1 plate armour "Xexepp" {+Blink rPois Int+3 Dex+2}
   (Okawaru gifted it to you on level 2 of the Lair of Beasts)

   Int:       It affects your intelligence (+3).
   Dex:       It affects your dexterity (+2).
   rPois:     It protects you from poison.
   +Blink:    It lets you blink.
 E - the +0 hat of Least Resistance (worn) {rF+ SInv}
   (Okawaru gifted it to you on level 12 of the Dungeon)

   rF:        It protects you from fire.
   SInv:      It lets you see invisible.
 I - a +0 pair of boots (worn)
 Q - the +1 plate armour of Loafunas (worn) {Rampage rF- Str+7 Dex+3}
   (You took it off a deep elf blademaster on level 2 of the Elven Halls)

   Str:       It affects your strength (+7).
   Dex:       It affects your dexterity (+3).
   rF:        It makes you vulnerable to fire.
   Rampage:   It bestows one free step when moving towards enemies.
 S - the scarf of Resonance {repulsion, Str+8 Int-3 Stlth+}
   (Okawaru gifted it to you on level 5 of the Lair of Beasts)

   Str:       It affects your strength (+8).
   Int:       It affects your intelligence (-3).
   Stlth:     It makes you more stealthy.
Jewellery
 b - an amulet of faith (around neck)
 c - the ring of Muhuokkekh {rPois rF++ Will++ Str-3}
   (You found it on level 3 of the Snake Pit)

   [ring of poison resistance]

   Str:       It affects your strength (-3).
   rF:        It greatly protects you from fire.
   rPois:     It protects you from poison.
   Will:      It greatly increases your willpower.
 l - the ring "Hyshroo" (right hand) {rElec Int+2 Dex+3 Slay+4 Stlth+}
   (You took it off a deep elf annihilator on level 3 of the Elven Halls)

   [ring of slaying]

   Int:       It affects your intelligence (+2).
   Dex:       It affects your dexterity (+3).
   Slay:      It affects your accuracy & damage with ranged weapons and melee
   (+4).
   rElec:     It insulates you from electricity.
   Stlth:     It makes you more stealthy.
 o - a ring of see invisible
 w - a ring of resist corrosion
 H - a +5 ring of evasion
 K - the ring "Zixegreu" {rPois rC+ rN+ Will- Dex+3}
   (You found it on level 3 of the Elven Halls)

   [ring of positive energy]

   Dex:       It affects your dexterity (+3).
   rC:        It protects you from cold.
   rPois:     It protects you from poison.
   rN:        It protects you from negative energy.
   Will:      It decreases your willpower.
 W - the ring "Isexauf" (left hand) {rF+ rC+ rN+}
   (You bought it in a shop on level 2 of the Orcish Mines)

   [ring of positive energy]

   rF:        It protects you from fire.
   rC:        It protects you from cold.
   rN:        It protects you from negative energy.
Wands
 h - a wand of roots (18)
 q - a wand of digging (8)
 x - a wand of flame (45)
 z - a wand of polymorph (10)
 B - a wand of paralysis (37)
 L - a wand of light (21)
 R - a wand of mindburst (10)
Scrolls
 a - 3 scrolls of blinking
 g - 2 scrolls of revelation
 i - a scroll of acquirement
 r - 3 scrolls of teleportation
 C - 2 scrolls of immolation
 M - 5 scrolls of fear
 O - 5 scrolls of amnesia
 P - 8 scrolls of enchant armour
 T - 3 scrolls of poison
Potions
 d - 5 potions of might
 e - 5 potions of curing
 f - a potion of resistance
 j - 3 potions of haste
 m - a potion of enlightenment
 s - 4 potions of brilliance
 J - 4 potions of cancellation
 V - a potion of invisibility
 X - 6 potions of heal wounds
 Y - 2 potions of berserk rage
 Z - 7 potions of ambrosia


   Skills:
 + Level 18.3 Fighting
 + Level 21.1 Maces & Flails
 + Level 17.7 Armour
 + Level 8.3 Dodging
 + Level 17.7 Shields
 - Level 14.0 Invocations
 - Level 9.0 Evocations


You had 18 spell levels left.
You didn't know any spells.
Your spell library contained the following spells:

 Spells                   Type           Power      Damage    Failure   Level
 Freeze                   Ice            0%         1d3       98%         1
 Kiss of Death            Conj/Necr      0%         2d5       98%         1
 Magic Dart               Conj           0%         1d3       98%         1
 Necrotise                Necr           0%         1d4       98%         1
 Slow                     Hex            0%         N/A       98%         1
 Momentum Strike          Conj/Tloc      0%         3d8       99%         2
 Confusing Touch          Hex            0%         N/A       100%        3
 Dazzling Flash           Conj/Hex       0%         N/A       100%        3
 Frozen Ramparts          Ice            0%         1d1       100%        3
 Hailstorm                Conj/Ice       0%         3d3       100%        3
 Ignite Poison            Fire/Tmut/Pois 0%         N/A       100%        3
 Inner Flame              Hex/Fire       0%         N/A       100%        3
 Mephitic Cloud           Conj/Pois/Air  0%         N/A       100%        3
 Stone Arrow              Conj/Erth      0%         3d7       100%        3
 Vampiric Draining        Necr           0%         2d6       100%        3
 Volatile Blastmotes      Fire/Tloc      0%         2d10      100%        3
 Anguish                  Hex/Necr       0%         N/A       100%        4
 Cause Fear               Hex            0%         N/A       100%        4
 Dispel Undead            Necr           0%         3d6       100%        4
 Fulminant Prism          Conj/Hex       0%         3d5       100%        4
 Iskenderun's Mystic Bla  Conj/Tloc      0%         2d3       100%        4
 Passage of Golubria      Tloc           0%         N/A       100%        4
 Petrify                  Tmut/Erth      0%         N/A       100%        4
 Sticky Flame             Conj/Fire      0%         2d3       100%        4
 Agony                    Necr           0%         N/A       100%        5
 Alistair's Intoxication  Tmut/Pois      0%         N/A       100%        5
 Borgnjor's Vile Clutch   Necr/Erth      0%         N/A       100%        5
 Fireball                 Conj/Fire      0%         3d3       100%        5
 Metabolic Englaciation   Hex/Ice        0%         N/A       100%        5
 Silence                  Hex/Air        0%         N/A       100%        5
 Yara's Violent Unravell  Hex/Tmut       0%         3d3       100%        5
 Eringya's Noxious Bog    Tmut/Pois      0%         4d6       100%        6
 Starburst                Conj/Fire      0%         6d3       100%        6
 Enfeeble                 Hex            0%         N/A       100%        7
 Ignition                 Fire           0%         3d3       100%        8
 Lehudib's Crystal Spear  Conj/Erth      0%         10d2      100%        8
 Maxwell's Capacitive Co  Air            0%         ∞         100%        8
 Summon Small Mammal      Summ           Unusable   N/A       N/A         1
 Call Imp                 Summ           Unusable   N/A       N/A         2
 Call Canine Familiar     Summ           Unusable   N/A       N/A         3
 Summon Guardian Golem    Hex/Summ       Unusable   N/A       N/A         3
 Tukima's Dance           Hex            Unusable   N/A       N/A         3
 Malign Gateway           Summ/Tloc      Unusable   N/A       N/A         7

Dungeon Overview and Level Annotations

Branches:
Dungeon (13/15)            Temple (1/1) D:6            Lair (5/5) D:10
 Shoals (2/4) Lair:2        Snake (4/4) Lair:3        Slime (3/5) Lair:4
    Orc (2/2) D:11            Elf (3/3) Orc:2         Sewer (visited)
 Vaults: D:13-14

Altars:
Ashenzari
Cheibriados
Dithmenos
Elyvilon
Fedhas
Gozag
Hepliaklqana
Kikubaaqudgha
Makhleb
Nemelex Xobeh
Okawaru
Qazlal
Ru
Sif Muna
Trog
Uskayaw
Vehumet
Wu Jian
Xom
Yredelemnul
Zin
The Shining One
Jiyva
Lugonu

Shops:
D:5 (   D:8 *   D:9 ?   D:10 (   Orc:2 ?(=(   Elf:1 [!(   Elf:3 (   Shoals:1 (

Portals:
Abyss: Slime:2

Annotations:
Shoals:1 Roxanne


Innate Abilities, Weirdness & Mutations

You have a pair of horns on your head.
You reflexively headbutt those who attack you in melee.
You are clumsy. (Dex -2)
Your body sometimes deteriorates upon taking damage.
You are very frail. (-20% HP)
You are often teleported next to monsters.
You occasionally lose the ability to drink potions when taking damage.
You have hidden genetic defects.


Message History

The slime creature attacks as you move away!
The slime creature closely misses you.
Acid dripping from the walls corrodes you.
Two slime creatures merge to form an enormous slime creature.
Two slime creatures merge to form a large slime creature.
The golden eye blinks at you.
You are more confused.
The golden eye blinks at you. You resist with almost no effort.
The slime creature quivers.
The golden eye blinks at you.
You are more confused.
The slime creature hits you! The golden eye blinks at you.
You easily resist.
Two slime creatures merge to form a titanic slime creature.
A slime creature comes into view.
You bludgeon the golden eye!!
You feel better.
You kill the golden eye!
Okawaru accepts your kill.
The golden eye blinks! x2; The slime creature misses you.
The large slime creature hits you!!
* * * LOW HITPOINT WARNING * * *
You bludgeon the shining eye!!
You feel better.
The shining eye is moderately wounded.
The golden eye blinks at you.
You are more confused.
The slime creature hits you but does no damage.
The large slime creature hits you but does no damage.
Two slime creatures merge to form a large slime creature.
You hit the shining eye.
You feel better.
Your headbutt misses the shining eye.
The shining eye is heavily wounded.
The golden eye blinks at you. You resist with almost no effort.
The golden eye blinks at you. You resist with almost no effort.
The titanic slime creature hits you!!
* * * LOW HITPOINT WARNING * * *
The large slime creature hits you!!
You feel threatened and lose the ability to drink potions!
You die...

....##..........#
.................
.<.............
.........G... ###
..#........# ##.##
..........G## ...##
...........§###...#
.......>...GJJJ...#
.........J.J.G@...#
.#§......#...J...##
..........G.......#
.#............##.##
#................#
..................#
..........G......##
###....#..


You could see a titanic slime creature, 2 large slime creatures, 3 slime
creatures, 2 shining eyes and 3 golden eyes.

Vanquished Creatures
  Vashnia (Snake:4)
  Jorgrun (Shoals:1)
  2 deep elf blademasters
  5 acid blobs
  2 deep elf master archers (Elf:3)
  Kirke (D:12)
  4 azure jellies
  Aizul (Elf:3)
  3 nagarajas (Snake:4)
  4 rockslimes
  5 deep elf sorcerers
  The ghost of andwaal the Destroyer, a journeyman DsVM of Makhleb (Orc:2)
  4 deep elf elementalists
  A quicksilver ooze (Slime:2)
  8 deep elf demonologists
  10 deep elf annihilators
  Azrael (Orc:2)
  Snorg (D:12)
  8 deep elf death magi
  A merfolk impaler (Shoals:2)
  Fannar (D:9)
  A great orb of eyes (Slime:1)
  2 deep elf high priests (Elf:3)
  5 hydras
  4 salamander tyrants (Snake:4)
  A merfolk avatar (Shoals:1)
  A merfolk aquamancer (Shoals:2)
  Erolcha (D:9)
  3 boulder beetles
  14 anacondas
  3 catoblepae (Lair:5)
  36 dancing weapons
  A two-headed ogre (D:12)
  8 naga warriors
  2 tengu warriors (D:11)
  5 shock serpents
  An orc high priest (Orc:2)
  11 death yaks
  15 deep elf knights
  11 naga sharpshooters
  Sonja (D:12)
  Nergalle (D:11)
  8 skysharks
  6 salamander mystics (Snake:4)
  3 skeletal warriors (D:13)
  Lodul (D:10)
  12 sea snakes
  10 deep elf archers
  6 naga ritualists
  9 orc knights
  9 harpies
  30 deep elf pyromancers
  27 deep elf zephyrmancers
  7 mana vipers
  14 salamanders
  An oklob plant (Lair:5)
  11 manticores
  An ugly thing (D:11)
  8 orc sorcerers
  7 shining eyes
  4 cyclopes
  6 fauns
  24 black mambas
  4 guardian serpents
  11 elephants
  4 merfolk sirens (Shoals:1)
  6 cane toads
  2 torpor snails
  Maurice (D:10)
  2 water nymphs
  An eye of devastation (Slime:3)
  10 naga magi
  2 gargoyles (D:11)
  Maggie (D:9)
  Psyche (D:12)
  3 rime drakes
  6 komodo dragons
  6 merfolk
  7 trolls
  A queen bee (Lair:2)
  A wind drake (Shoals:1)
  Grinder (D:4)
  5 dream sheep (Lair:5)
  38 slime creatures
  Prince Ribbit (D:8)
  9 blink frogs
  7 snapping turtles
  An air elemental (Elf:2)
  6 water elementals
  11 fire elementals
  72 yaks
  3 wyverns
  A golden eye (Slime:2)
  A steam dragon (Lair:4)
  A basilisk (Lair:4)
  2 wraiths
  3 humans (D:12)
  6 vampire mosquitoes (D:11)
  Menkaure (D:5)
  41 nagas
  6 wargs
  A swamp worm (Lair:3)
  3 acid dragons
  Edmund (D:5)
  18 water moccasins
  3 hell hounds (Orc:2)
  34 orc warriors
  2 black bears
  A sky beast (D:6)
  An ice beast (D:5)
  11 ogres
  13 wolves
  4 centaurs
  A phantom (D:2)
  5 kobold brigands
  Blork the orc (D:5)
  A gnoll sergeant (D:6)
  10 bullfrogs
  3 earth elementals
  5 scorpions
  11 wights
  34 killer bees
  4 electric eels (D:10)
  5 howler monkeys
  A crimson imp (D:6)
  4 jellies
  2 hounds
  27 orc priests
  2 sleepcaps
  Jessica (D:3)
  35 orc wizards
  6 hell rats (Lair:4)
  13 adders
  12 gnolls
  2 white imps
  An ufetubus (D:6)
  A worm (D:4)
  4 dart slugs
  85 orcs
  5 bats
  6 endoplasms
  21 giant cockroaches
  7 hobgoblins
  11 jackals
  5 quokkas
  9 ball pythons
  20 frilled lizards
  A goblin (D:2)
  32 kobolds
  A rat (D:2)
  2 lurking horrors (Slime:2)
  3 tentacles (Shoals:2)
1172 creatures vanquished.

Vanquished Creatures (others)
  A deep elf zephyrmancer (Elf:1)
  A naga (Snake:3)
  An orc priest (Orc:2)
  2 orc wizards (Orc:1)
  A lurking horror (Slime:2)
  6 tentacles (Shoals:2)
12 creatures vanquished.

Grand Total: 1184 creatures vanquished

Notes
Turn   | Place    | Note
-------+----------+-------------------------------------------
     0 | D:1      | nordom the Minotaur Fighter began the quest for the Orb.
     0 | D:1      | Reached XP level 1. HP: 19/19 MP: 0/0
   118 | D:1      | Reached XP level 2. HP: 26/27 MP: 1/1
   279 | D:1      | Reached skill level 3 in Maces & Flails
   712 | D:1      | Reached XP level 3. HP: 33/33 MP: 2/2
   936 | D:2      | Found a faded altar of an unknown god.
  1400 | D:2      | Noticed a phantom
  1408 | D:2      | Killed a phantom
  1409 | D:2      | Reached skill level 4 in Maces & Flails
  1409 | D:2      | Reached XP level 4. HP: 41/41 MP: 3/3
  1413 | D:2      | Reached XP level 5. HP: 47/47 MP: 4/4
  1743 | D:3      | Identified the +1 scale mail of the Blessed Realm {rPois}
  1743 | D:3      | Noticed Jessica
  1762 | D:3      | Killed Jessica
  1923 | D:3      | Reached skill level 5 in Maces & Flails
  2268 | D:3      | Reached XP level 6. HP: 55/55 MP: 5/5
  2283 | D:3      | Found a burning altar of Makhleb.
  2304 | D:3      | Reached skill level 5 in Shields
  2479 | D:4      | Reached skill level 5 in Fighting
  2496 | D:4      | Reached skill level 5 in Armour
  2766 | D:4      | Reached skill level 6 in Maces & Flails
  2828 | D:4      | Reached XP level 7. HP: 58/61 MP: 6/6
  2864 | D:4      | Noticed Grinder
  2884 | D:4      | Killed Grinder
  2922 | D:5      | Entered Level 5 of the Dungeon
  2994 | D:5      | Reached skill level 7 in Maces & Flails
  2999 | D:5      | Noticed Edmund
  3006 | D:5      | Killed Edmund
  3032 | D:5      | Found a glowing drain.
  3051 | Sewer    | Entered a sewer
  3340 | Sewer    | Reached XP level 8. HP: 70/70 MP: 7/7
  3482 | D:5      | Noticed Menkaure
  3493 | D:5      | Killed Menkaure
  3494 | D:5      | Reached skill level 8 in Maces & Flails
  3531 | D:5      | Got the Tome of Well-Done Contaminants
  3694 | D:5      | Found Zumia's Weapon Shop.
  3713 | D:5      | Noticed Blork the orc
  3720 | D:5      | Killed Blork the orc
  4199 | D:6      | Found a staircase to the Ecumenical Temple.
  4208 | Temple   | Entered the Ecumenical Temple
  4223 | Temple   | Became a worshipper of Warmaster Okawaru
  4381 | D:6      | Reached skill level 9 in Maces & Flails
  4504 | D:6      | Reached XP level 9. HP: 62/79 MP: 8/8
  4845 | D:6      | Reached * piety under Okawaru
  5237 | D:7      | Reached skill level 10 in Maces & Flails
  6135 | D:7      | Found a hide-covered altar of Uskayaw.
  6356 | D:8      | Noticed Prince Ribbit
  6370 | D:8      | Killed Prince Ribbit
  6502 | D:8      | Found Ufee's General Store.
  6617 | D:8      | Upgraded the game from 0.31-a0-325-g067879e3d3 to
                  | 0.31-a0-329-g52107efa6a
  6753 | D:8      | Found a sacrificial altar of Ru.
  6864 | D:8      | Found a bloodstained altar of Trog.
  6871 | D:8      | Found a glowing silver altar of Zin.
  6873 | D:8      | Found a basalt altar of Yredelemnul.
  6875 | D:8      | Found a shadowy altar of Dithmenos.
  6939 | D:8      | Found a snail-covered altar of Cheibriados.
  7013 | D:8      | Reached ** piety under Okawaru
  7014 | D:8      | Reached skill level 11 in Maces & Flails
  7400 | D:8      | Noticed a boulder beetle
  7453 | D:9      | Found Kotewne's Magic Scroll Emporium.
  7459 | D:9      | Bought a scroll of fear for 44 gold pieces
  7573 | D:9      | Reached XP level 10. HP: 90/90 MP: 9/9
  7700 | D:9      | Bought a scroll of identify for 22 gold pieces
  7700 | D:9      | Bought a scroll of identify for 22 gold pieces
  7700 | D:9      | Bought a scroll of enchant armour for 82 gold pieces
  7702 | D:9      | Reached skill level 16 in Maces & Flails
  7702 | D:9      | Reached XP level 11. HP: 95/95 MP: 10/10
  7788 | D:9      | Reached *** piety under Okawaru
  7977 | D:9      | Noticed Maggie
  7994 | D:9      | Killed Maggie
  8165 | D:9      | Noticed Erolcha
  8185 | D:9      | Killed Erolcha
  8185 | D:9      | Reached **** piety under Okawaru
  8636 | D:10     | Entered Level 10 of the Dungeon
  8647 | D:10     | Noticed Fannar
  8648 | D:10     | Found a staircase to the Lair.
  8915 | D:9      | Killed Fannar
  8916 | D:9      | Reached skill level 1 in Dodging
  8984 | D:10     | Found Deuvvuka's Antique Weapon Shop.
  8984 | D:10     | Noticed Lodul
  9167 | D:10     | Noticed Maurice
  9182 | D:10     | Killed Maurice
  9228 | D:10     | Reached skill level 10 in Fighting
  9801 | D:10     | Killed Lodul
  9801 | D:10     | Reached ***** piety under Okawaru
 10028 | D:11     | Found a staircase to the Orcish Mines.
 10089 | D:11     | Noticed a boulder beetle
 10109 | D:11     | Killed a boulder beetle
 10109 | D:11     | Received a gift from Okawaru
 10110 | D:11     | Reached skill level 5 in Invocations
 10305 | D:11     | Noticed a white ugly thing
 10311 | D:11     | Killed a white ugly thing
 10394 | D:11     | Noticed a tengu warrior
 10394 | D:11     | Noticed a tengu warrior
 10416 | D:11     | Killed a tengu warrior
 10420 | D:11     | Killed a tengu warrior
 10421 | D:11     | Reached XP level 12. HP: 37/107 MP: 12/15
 10690 | D:11     | Reached skill level 5 in Dodging
 10968 | D:11     | Noticed Nergalle
 10984 | D:11     | Killed Nergalle
 11127 | D:12     | Noticed Sonja
 11127 | D:12     | Noticed a boulder beetle
 11164 | D:12     | a boulder beetle changed into a torpor snail
 11441 | D:12     | Killed Sonja
 11442 | D:12     | Reached skill level 10 in Armour
 11442 | D:12     | Reached skill level 10 in Shields
 11629 | D:12     | Noticed Kirke
 11644 | D:12     | Killed Kirke
 11818 | D:12     | Identified the +0 hat of Least Resistance {rF+ SInv}
                  | (Okawaru gifted it to you on level 12 of the Dungeon)
 11818 | D:12     | Received a gift from Okawaru
 11938 | D:12     | Noticed a two-headed ogre
 11943 | D:12     | Killed a two-headed ogre
 11953 | D:12     | Noticed Psyche
 11965 | D:12     | Killed Psyche
 12051 | D:12     | Noticed a seven-headed hydra
 12060 | D:12     | Killed a seven-headed hydra
 12322 | D:12     | Identified the amulet of Fydghaepn {Spirit Dex+2}
 12374 | D:12     | Noticed Snorg
 12382 | D:12     | Killed Snorg
 12821 | D:13     | Reached XP level 13. HP: 15/116 MP: 17/17
 13129 | Lair:1   | Entered Level 1 of the Lair of Beasts
 14380 | Lair:2   | Identified the +1 plate armour "Xexepp" {+Blink rPois Int+3
                  | Dex+2} (Okawaru gifted it to you on level 2 of the Lair of
                  | Beasts)
 14380 | Lair:2   | Received a gift from Okawaru
 14630 | Lair:2   | Found a staircase to the Shoals.
 14692 | Lair:2   | You fall into a shaft and drop 2 floors!
 14786 | Lair:4   | Identified the +0 ring mail "Atugrial" {rF+}
 14795 | Lair:3   | Found a staircase to the Snake Pit.
 14883 | Lair:3   | Reached ****** piety under Okawaru
 15006 | Lair:3   | Identified the +3 kite shield of Mysticism {rPois Will+
                  | Dex+2} (Okawaru gifted it to you on level 3 of the Lair of
                  | Beasts)
 15006 | Lair:3   | Received a gift from Okawaru
 15861 | Lair:2   | Reached XP level 14. HP: 127/127 MP: 15/19
 15891 | Lair:2   | Reached skill level 17 in Maces & Flails
 16795 | Lair:4   | Identified the +4 quarterstaff of Huf Ymot {freeze, +Blink
                  | Str+4} (Okawaru gifted it to you on level 4 of the Lair of
                  | Beasts)
 16795 | Lair:4   | Received a gift from Okawaru
 16844 | Lair:4   | Found a viscous altar of Jiyva.
 16846 | Lair:4   | Found a staircase to the Slime Pits.
 17039 | Lair:4   | Reached skill level 1 in Evocations
 17381 | Lair:5   | Entered Level 5 of the Lair of Beasts
 17586 | Lair:5   | Identified the scarf of Resonance {repulsion, Str+8 Int-3
                  | Stlth+} (Okawaru gifted it to you on level 5 of the Lair of
                  | Beasts)
 17586 | Lair:5   | Received a gift from Okawaru
 18528 | Lair:5   | Identified the amulet "Ifeott" {Spirit Will+ Dex+3}
 18858 | Shoals:1 | Entered Level 1 of the Shoals
 18879 | Shoals:1 | Received a gift from Okawaru
 18942 | Shoals:1 | Noticed Roxanne
 19014 | Shoals:1 | Noticed Jorgrun
 19032 | Shoals:1 | Killed Jorgrun
 19033 | Shoals:1 | Reached XP level 15. HP: 137/137 MP: 19/21
 19039 | Shoals:1 | Received a gift from Okawaru
 19075 | Shoals:1 | Reached skill level 5 in Evocations
 19110 | Shoals:1 | Found Ciceonn's Antique Weapon Boutique.
 19341 | Shoals:2 | Noticed a kraken
 19355 | Shoals:2 | Received a gift from Okawaru
 19396 | Shoals:2 | Reached skill level 10 in Invocations
 19515 | Shoals:1 | Reached skill level 18 in Maces & Flails
 19975 | Orc:1    | Entered Level 1 of the Orcish Mines
 19982 | Orc:1    | Identified the +2 ring mail of Fugeq {rC+} (Okawaru gifted
                  | it to you on level 1 of the Orcish Mines)
 19982 | Orc:1    | Received a gift from Okawaru
 19987 | Orc:1    | Upgraded the game from 0.31-a0-329-g52107efa6a to
                  | 0.31-a0-343-g456c268693
 20807 | Orc:2    | Entered Level 2 of the Orcish Mines
 21065 | Orc:2    | Noticed Azrael
 21083 | Orc:2    | Killed Azrael
 21362 | Orc:2    | Found a staircase to the Elven Halls.
 21384 | Orc:2    | Found a runed translucent door.
 21385 | Orc:2    | Found a shimmering altar of Xom.
 21385 | Orc:2    | Noticed andwaal's ghost (journeyman DsVM)
 21443 | Orc:2    | Found Juin's Antique Weapon Shoppe.
 21443 | Orc:2    | Found Buyczups's Magic Scroll Shoppe.
 21444 | Orc:2    | Found Ugidune's Jewellery Emporium.
 21448 | Orc:2    | Found Malunoir's Antique Weapon Emporium.
 21710 | Orc:2    | Bought the ring "Isexauf" {rF+ rC+ rN+} for 574 gold pieces
 21713 | Orc:2    | Bought a scroll of identify for 26 gold pieces
 21727 | Orc:2    | Bought a scroll of enchant armour for 97 gold pieces
 21727 | Orc:2    | Bought a scroll of enchant weapon for 97 gold pieces
 21727 | Orc:2    | Bought a scroll of fear for 52 gold pieces
 21727 | Orc:2    | Bought a scroll of enchant armour for 97 gold pieces
 21779 | Orc:2    | Killed andwaal's ghost
 21826 | Elf:1    | Entered Level 1 of the Elven Halls
 21836 | Elf:1    | Received a gift from Okawaru
 21972 | Elf:1    | Reached XP level 16. HP: 81/147 MP: 22/22
 22407 | Elf:1    | Reached skill level 15 in Fighting
 22492 | Elf:1    | Found a radiant altar of Vehumet.
 22610 | Elf:1    | Found Ucext's Armour Shop.
 22670 | Elf:1    | Found Gyletz's Distillery.
 22861 | Elf:1    | Found Boxuuqeq's Weapon Shop.
 23058 | Elf:1    | Received a gift from Okawaru
 23308 | Elf:2    | Paralysed by an air elemental for 1 turns
 23477 | Elf:2    | Received a gift from Okawaru
 23493 | Elf:2    | Found a runed translucent gate.
 23494 | Elf:2    | Found a runed translucent gate.
 23494 | Elf:2    | Found a runed translucent gate.
 23684 | Elf:2    | Noticed a Hell Sentinel
 23936 | Elf:2    | Received a gift from Okawaru
 24014 | Elf:2    | Reached skill level 19 in Maces & Flails
 24413 | Elf:2    | Reached skill level 15 in Armour
 24469 | Elf:2    | Reached skill level 15 in Shields
 24836 | Elf:3    | Entered Level 3 of the Elven Halls
 24836 | Elf:3    | Found a huge runed gate.
 24836 | Elf:3    | Found a huge runed gate.
 24836 | Elf:3    | Found a huge runed gate.
 24836 | Elf:3    | Found a huge runed gate.
 24836 | Elf:3    | Found a huge runed gate.
 24836 | Elf:3    | Found a huge runed gate.
 24836 | Elf:3    | Found a huge runed gate.
 24836 | Elf:3    | Found a huge runed gate.
 24836 | Elf:3    | Found a huge runed gate.
 24836 | Elf:3    | Found a huge runed gate.
 24885 | Elf:3    | Reached XP level 17. HP: 158/158 MP: 24/24
 24952 | Elf:3    | Found a huge runed gate.
 24952 | Elf:3    | Found a huge runed gate.
 24952 | Elf:3    | Found a huge runed gate.
 24952 | Elf:3    | Found a huge runed gate.
 24952 | Elf:3    | Found a huge runed gate.
 24952 | Elf:3    | Found a huge runed gate.
 24952 | Elf:3    | Found a huge runed gate.
 24953 | Elf:3    | Found a huge runed gate.
 24954 | Elf:3    | Found a huge runed gate.
 25023 | Elf:3    | Noticed a Tzitzimitl
 25058 | Elf:3    | Noticed a deep elf master archer
 25075 | Elf:3    | Noticed a Brimstone Fiend
 25095 | Elf:3    | Killed a deep elf master archer
 25123 | Elf:3    | Received a gift from Okawaru
 25123 | Elf:3    | Found the +18 Lear's hauberk
 25220 | Elf:3    | Found a huge runed gate.
 25220 | Elf:3    | Found a huge runed gate.
 25220 | Elf:3    | Found a huge runed gate.
 25220 | Elf:3    | Found a huge runed gate.
 25220 | Elf:3    | Found a huge runed gate.
 25220 | Elf:3    | Found a huge runed gate.
 25221 | Elf:3    | Found a huge runed gate.
 25222 | Elf:3    | Found a huge runed gate.
 25223 | Elf:3    | Found a huge runed gate.
 25230 | Elf:3    | Noticed Aizul
 25244 | Elf:3    | Killed Aizul
 25245 | Elf:3    | Found a huge runed gate.
 25245 | Elf:3    | Found a huge runed gate.
 25245 | Elf:3    | Found a huge runed gate.
 25245 | Elf:3    | Found a huge runed gate.
 25245 | Elf:3    | Found a huge runed gate.
 25245 | Elf:3    | Found a huge runed gate.
 25245 | Elf:3    | Found a huge runed gate.
 25246 | Elf:3    | Found a huge runed gate.
 25544 | Elf:3    | Noticed a deep elf blademaster
 25551 | Elf:3    | Identified the +3 rapier "Niokhin" {freeze, +Blink Int+6}
 25578 | Elf:3    | Killed a deep elf blademaster
 25992 | Elf:3    | Found Reff's Weapon Shop.
 26086 | Elf:3    | Identified the ring "Hyshroo" {rElec Int+2 Dex+3 Slay+4
                  | Stlth+}
 26104 | Elf:3    | Noticed a deep elf master archer
 26112 | Elf:3    | Killed a deep elf master archer
 26203 | Elf:3    | Got Dohoirghe's Verses on Minerals and Snow
 26232 | Elf:3    | Got the Precepts of the Jaunt
 26240 | Elf:3    | Identified the +3 ring mail of Fedhas's Envy {rF++ rCorr}
 26245 | Elf:3    | Identified the staff "Zegossa" {rF+ rN+ Will- rCorr Int+8
                  | Necro}
 26251 | Elf:3    | Identified the -2 cloak of Dech {Will++}
 26508 | Elf:3    | Identified the +1 plate armour of Loafunas {Rampage rF-
                  | Str+7 Dex+3}
 26508 | Elf:3    | Noticed a deep elf blademaster
 26517 | Elf:3    | Noticed a Hell Sentinel
 26538 | Elf:2    | Killed a deep elf blademaster
 26929 | Elf:3    | Identified the ring "Zixegreu" {rPois rC+ rN+ Will- Dex+3}
 27038 | Elf:3    | Got Hugyng's Catalogue of Anthracomancy
 27499 | Snake:1  | Entered Level 1 of the Snake Pit
 27500 | Snake:1  | Upgraded the game from 0.31-a0-343-g456c268693 to
                  | 0.31-a0-344-gd109795599
 27506 | Snake:1  | Received a gift from Okawaru
 27647 | Snake:1  | Reached skill level 20 in Maces & Flails
 27707 | Snake:1  | Reached XP level 18. HP: 105/168 MP: 26/26
 28134 | Snake:2  | Identified a scroll of acquirement
 28157 | Snake:2  | Upgraded the game from 0.31-a0-344-gd109795599 to
                  | 0.31-a0-354-g827e0957a7
 28289 | Snake:2  | Identified the +2 flail "Duschuto" {antimagic, rN++ Str-2}
                  | (Okawaru gifted it to you on level 2 of the Snake Pit)
 28289 | Snake:2  | Received a gift from Okawaru
 29252 | Snake:3  | Found the +3 robe of Clouds {*Thunder rCloud rElec}
 29616 | Snake:3  | Identified the ring of Muhuokkekh {rPois rF++ Will++ Str-3}
 29833 | Snake:4  | Entered Level 4 of the Snake Pit
 29913 | Snake:4  | Identified the +0 pair of gloves of Proximity {rPois Will+}
                  | (Okawaru gifted it to you on level 4 of the Snake Pit)
 29913 | Snake:4  | Received a gift from Okawaru
 30363 | Snake:4  | Noticed Vashnia
 30388 | Snake:4  | Found an iron altar of Okawaru.
 30437 | Snake:4  | Killed Vashnia
 30987 | Snake:4  | Got a serpentine rune of Zot
 31486 | Snake:4  | Identified the +3 tower shield "Sazasior" {Dex+7} (Okawaru
                  | gifted it to you on level 4 of the Snake Pit)
 31486 | Snake:4  | Received a gift from Okawaru
 31855 | Slime:1  | Entered Level 1 of the Pits of Slime
 31864 | Slime:1  | Gained mutation: You are frail. (-10% HP) [a shining eye]
 32082 | Slime:1  | Gained mutation: Your body sometimes deteriorates upon
                  | taking damage. [a shining eye]
 32087 | Slime:1  | Gained mutation: You are clumsy. (Dex -2) [a shining eye]
 32090 | Slime:1  | Gained mutation: You are very clumsy. (Dex -4) [a shining
                  | eye]
 32097 | Slime:1  | Reached XP level 19. HP: 161/161 MP: 23/28
 32344 | Slime:2  | Found a viscous altar of Jiyva.
 32512 | Slime:1  | Gained mutation: You are occasionally teleported next to
                  | monsters. [a shining eye]
 32513 | Slime:1  | Gained mutation: You occasionally lose the ability to drink
                  | potions when taking damage. [a shining eye]
 32528 | Slime:1  | Lost mutation: You are very clumsy. (Dex -4) [a shining
                  | eye]
 32790 | Slime:2  | Found a corrupted altar of Lugonu.
 32791 | Slime:2  | Found a one-way gate to the infinite horrors of the Abyss.
 32827 | Slime:2  | Reached skill level 21 in Maces & Flails
 33186 | Slime:3  | Gained mutation: You have hidden genetic defects. [a
                  | shining eye]
 34159 | Slime:2  | Gained mutation: You are often teleported next to monsters.
                  | [a shining eye]
 34164 | Slime:2  | Gained mutation: You are very frail. (-20% HP) [a shining
                  | eye]
 34175 | Slime:2  | Mangled by a large slime creature

Illustrated notes

Levels and vault maps discovered:
D:1:      evilmike_arrival_fibonacci_small, layout_basic,
          chequers_serial_rivers_micro_e, minmay_lizard_pond
D:2:      minmay_alternating_diamond, layout_basic,
          hellmonk_ecumenical_altar_arch_garden
D:3:      layout_basic, bloody_makhleb, kennysheep_generic_room_5, uniq_jessica
D:4:      layout_rooms, kennysheep_generic_room_10, uniq_grinder
D:5:      layout_loops_ring, serial_shops, kennysheep_mini,
          gup_sewer_entry_glass, minmay_misc_feat_secret_circle, uniq_menkaure,
          uniq_blork_the_orc, uniq_edmund
D:6:      layout_rooms, minmay_temple_entry_poolview, serial_rivers,
          chequers_serial_rivers_micro_c, chequers_serial_rivers_micro_b,
          chequers_serial_rivers_micro_b, chequers_serial_rivers_micro_b,
          chequers_serial_rivers_large_b, chequers_serial_rivers_large_a,
          minmay_fire_ice_demons
D:7:      layout_basic, nicolae_uskayaw_suspiria
D:8:      layout_basic, mainiacjoe_overflow_brackets,
          mainiacjoe_overflow_concentric_impassable, minitemple, serial_shops,
          shop_fountains, amcnicky_mini_rare_corridor_liquid,
          onia_ninara_dug_in_and_dangerous, uniq_prince_ribbit1
D:9:      layout_irregular_city, serial_shops, shop, uniq_maggie, uniq_erolcha
D:10:     layout_rooms, erik_lair_orcish_takeover, serial_shops, shop,
          serial_bayou_lagoon_b, uniq_lodul, uniq_fannar, uniq_maurice
D:11:     layout_gridville, david_orc_2, dreamdust_mushroom_princess,
          uniq_nergalle
D:12:     layout_long_grid, kennysheep_diamond, uniq_sonja, uniq_kirke,
          uniq_psyche, uniq_snorg
D:13:     layout_loops_ring, uniq_rupert, uniq_urug
Temple:   eino_narrow_crystal_temple
Lair:1:   layout_loops_ring
Lair:2:   layout_concentric_octagons, shoals_dummy_entry, special_room
          [special_room_bee], minivault_11
Lair:3:   layout_cave_shapes, guppyfry_snake_entry_island, worms_lemuel,
          serial_bayou_shore_b, grunt_megastairs_4
Lair:4:   layout_gridlike, nicolae_slime_entry_slimehenge,
          cheibrodos_lair_reptile_den, serial_bayou_shore_b
Lair:5:   evilmike_catoblepas_cave, layout_loops_ring
Shoals:1: layout_shoals, serial_shops, nicolae_take_the_stairs,
          nicolae_shoals_loop_pool, uniq_roxanne, uniq_jorgrun
Shoals:2: layout_shoals, serial_shops, shop
Snake:1:  layout_onion_interference, nicolae_integral_box
Snake:2:  minmay_snake_river, layout_cave_town, grunt_megastairs_3
Snake:3:  layout_cave_town, drop_trap, grunt_megastairs_1
Snake:4:  johnstein_snake_rune_scales, layout_layer_cave, basic_altar,
          st_stairs_7
Slime:1:  layout_caves
Slime:2:  layout_caves, basic_altar, amcnicky_altar_lugonu_corruption
Slime:3:  layout_caves
Orc:1:    layout_caves, special_room [special_room_orc], mines_bat_river
Orc:2:    st_orc_mages, layout_caves, ebering_ghost_xom, uniq_azrael
Elf:1:    eino_elf_arrival_shootout, layout_gridlike, basic_altar, serial_shops,
          shop, nicolae_shop_mannequins, shop,
          hangedman_elven_crosses_minicolossus, drop_trap
Elf:2:    nicolae_elf_blades_crystal_corner, layout_geoelf_grid
Elf:3:    grunt_elf_hall_diamonds, layout_loops_cross, serial_shops, shop,
          nicolae_elf_glass_and_crystal_pillar_1, door_vault, uniq_aizul

Skill      XL: |  1  2  3  4  5  6  7  8  9 10 11 12 13 14 15 16 17 18 19 |
---------------+----------------------------------------------------------+-----
Maces & Flails | 3 4 5 6 7 9 11 16 17 18 19 20 21 | 21.1
Shields        | 4 5 6 7 8 9 10 12 13 14 15 16 17 | 17.7
Fighting       | 4 5 6 7 8 10 11 12 13 14 15 16 18 | 18.3
Armour         | 4 5 6 7 8 9 10 12 13 14 15 16 17 | 17.7
Invocations    | 5 6 8 9 10 11 12 13 14 | 14.0
Dodging        | 4 8 |  8.3
Evocations     | 4 7 9 |  9.0

Action                     |  1- 3 |  4- 6 |  7- 9 | 10-12 | 13-15 | 16-18 | 19-21 || total
---------------------------+-------+-------+-------+-------+-------+-------+-------++-------
  Melee: Flail             |    62 |       |       |     1 |       |       |       ||    63
         Headbutt          |     9 |    25 |    58 |   100 |   419 |   368 |    68 ||  1047
         Mace              |    32 |    16 |       |       |       |       |       ||    48
         Whip              |       |    99 |   376 |    21 |       |       |       ||   496
         Morningstar       |       |       |       |   411 |  1668 |  1364 |   190 ||  3633
  Throw: Throwing net      |       |       |       |     1 |       |       |       ||     1
         Dart              |       |       |       |       |     4 |       |       ||     4
         Boomerang         |       |       |       |       |    13 |       |     9 ||    22
 Invoke: Heroism           |       |       |     1 |     4 |    10 |    11 |       ||    26
         Finesse           |       |       |       |       |     4 |     6 |       ||    10
Ability: Evoke Blink       |       |       |       |       |     3 |       |       ||     3
  Evoke: Wand              |       |     1 |       |    18 |     7 |    11 |       ||    37
    Use: Scroll            |       |       |    16 |     5 |    13 |    10 |       ||    44
         Potion            |       |       |     1 |     3 |       |     1 |       ||     5
   Stab: Petrifying        |       |       |       |       |     1 |       |       ||     1
         Petrified         |       |       |       |       |     1 |       |       ||     1
         Paralysed         |       |       |       |       |     1 |       |       ||     1
 Armour: Scale mail        |    14 |    18 |   111 |   164 |    24 |       |       ||   331
         Plate armour      |    37 |    24 |       |       |   707 |   299 |    70 ||  1137
         Chain mail        |     3 |       |       |       |       |       |       ||     3
  Dodge: Dodged            |    35 |    39 |   123 |   174 |   546 |   303 |    72 ||  1292
         Repelled          |       |       |       |       |       |    12 |       ||    12
  Block: Buckler           |    20 |    31 |    71 |   109 |    72 |       |       ||   303
         Kite shield       |       |       |       |       |  1107 |   772 |       ||  1879
         Tower shield      |       |       |       |       |       |    38 |   176 ||   214

Table legend: (Time is in decaauts)
 A = Elapsed time spent in this place.
 B = Non-inter-level travel time spent in this place.
 C = Inter-level travel time spent in this place.
 D = Time resting spent in this place.
 E = Time spent auto-exploring this place.
 F = Levels seen in this place.
 G = Mean time per level.
                   A        B        C        D        E       F      G
               +--------+--------+--------+--------+--------+-----+--------+
         Total |  33218 |  30428 |   2790 |   4572 |  18161 |  34 |  977.0 |
       Dungeon |  12638 |  11767 |    871 |   1821 |   7941 |  13 |  972.2 |
        Temple |     30 |      2 |     28 |      0 |      0 |   1 |   30.0 |
          Lair |   5861 |   5295 |    566 |    377 |   3679 |   5 | 1172.2 |
        Shoals |    803 |    660 |    143 |     36 |    144 |   2 |  401.5 |
     Snake Pit |   4158 |   3979 |    179 |    256 |   2851 |   4 | 1039.5 |
    Slime Pits |   2276 |   2130 |    146 |    972 |    766 |   3 |  758.7 |
  Orcish Mines |   1860 |   1774 |     86 |     99 |   1160 |   2 |  930.0 |
   Elven Halls |   5185 |   4417 |    768 |   1011 |   1485 |   3 | 1728.3 |
         Sewer |    404 |    404 |      0 |      0 |    132 |   1 |  404.0 |
               +--------+--------+--------+--------+--------+-----+--------+

Top non-repeatable levels by time:
   Elf:2: 2146 daAuts
 Snake:4: 1823 daAuts
   Elf:3: 1782 daAuts
     D:9: 1525 daAuts
    D:11: 1465 daAuts
    D:12: 1454 daAuts
  Lair:2: 1385 daAuts
  Lair:5: 1312 daAuts
   Elf:1: 1256 daAuts
  Lair:1: 1242 daAuts
     D:7: 1225 daAuts
   Orc:2: 1114 daAuts
     D:8: 1072 daAuts
  Lair:3: 1037 daAuts
    D:10: 953 daAuts
